 Dungeon Crawl Stone Soup version 0.31-a0-1447-g87ca8d402b (webtiles) character file.

Game seed: 16950322776537746007

478 Rennog the Ruffian (level 6, 0/62 HPs)
             Began as a Troll Monk on Dec 27, 2023.
             Was an Initiate of Ru.
             Slain by Pikel
             ... wielding a +0 whip of freezing
              (3 damage)
             ... on level 4 of the Dungeon.
             The game lasted 00:03:39 (3054 turns).

Rennog the Ruffian (Troll Monk)                     Turns: 3054, Time: 00:03:43

Health: 0/62       AC:  4    Str: 22    XL:     6   Next: 85%
Magic:  5/5        EV: 10    Int:  6    God:    Ru [......]
Gold:   331        SH:  0    Dex: 12    Spells: 5/5 levels left

rFire   . .          .
                       - Unarmed
rCold   . . .        c - orb {light}
rNeg    . . .        a - +0 robe
rPois   .            (helmet restricted)
rElec   .            (no cloak)
rCorr   .            (gloves unavailable)
SInv    .            (boots unavailable)
Will    .....        (no amulet)
Stlth   +            (no ring)
HPRegen 1.10/turn    (no ring)
MPRegen 0.09/turn

%: no passive effects
@: glowing
A: large, unfitting armour, claws 3, regeneration 1, shaggy fur 1, tough skin 1,
disrupted magic 1
a: Renounce Religion


You were on level 4 of the Dungeon.
You worshipped Ru.
Ru was noncommittal.
You visited 1 branch of the dungeon, and saw 4 of its levels.

You collected 331 gold pieces.

Inventory:

Missiles
 q - a throwing net
Armour
 a - a +0 robe (worn)
 c - an orb of light (worn)
Talismans
 o - a storm talisman
Scrolls
 e - 3 scrolls of brand weapon {unknown}
 f - a scroll of poison {unknown}
 g - a scroll of torment {unknown}
 i - 2 scrolls of identify {unknown}
 j - a scroll of teleportation {unknown}
 k - a scroll of fear {unknown}
 l - 3 scrolls of revelation {unknown}
 n - a scroll of noise {unknown}
Potions
 b - a potion of ambrosia
 d - a potion of brilliance {unknown}
 h - a potion of berserk rage {unknown}
 m - a potion of curing {unknown}
 p - a potion of heal wounds {unknown}
 r - a potion of haste {unknown}
 s - a potion of cancellation {unknown}


   Skills:
 + Level 3.7 Fighting
 - Level 2.4 Dodging
 * Level 7.0 Unarmed Combat


You had 5 spell levels left.
You didn't know any spells.
Your spell library was empty.

Dungeon Overview and Level Annotations

Branches:
Dungeon (4/15)             Temple (0/1) D:4

Altars:
Ru
Zin

Shops:
D:4 =

Annotations:
D:4 Pikel


Innate Abilities, Weirdness & Mutations

You are too large for most types of armour.
You have claws for hands.
Your natural rate of healing is unusually fast.
You are covered in fur. (AC +1)
You have tough skin. (AC +1)
Your casting is slightly disrupted.


Message History

Pikel hits you with a +0 whip of freezing!
Pikel freezes you.
You claw Pikel!
Pikel is severely wounded.
Pikel barely misses you.
You closely miss Pikel.
Pikel is severely wounded.
Pikel hits you with a +0 whip of freezing.
Pikel freezes you.
You barely miss Pikel.
Pikel is severely wounded.
You barely miss Pikel.
Pikel is severely wounded.
Pikel hits you but does no damage.
You scratch Pikel but do no damage.
Pikel is severely wounded.
Pikel hits you with a +0 whip of freezing.
Pikel freezes you.
You barely miss Pikel.
Pikel is severely wounded.
Pikel hits you with a +0 whip of freezing.
Pikel freezes you.
You scratch Pikel.
Pikel is severely wounded.
Pikel hits you with a +0 whip of freezing!
Pikel freezes you.
* * * LOW HITPOINT WARNING * * *
You scratch Pikel.
Pikel is almost dead.
Pikel hits you with a +0 whip of freezing.
* * * LOW HITPOINT WARNING * * *
Pikel freezes you.
* * * LOW HITPOINT WARNING * * *
You closely miss Pikel.
Pikel is almost dead.
Pikel hits you with a +0 whip of freezing!
* * * LOW HITPOINT WARNING * * *
Pikel freezes you.
You die...
Pikel says, "Another soul for the market."

#)# ##.####.## ##..# #.# #.#
##.###.#.###...# #.# #.#
#.....###.....## #.# #.#
#..###.#.##...###########.# #.#
#.†.###................##.# #.#
#..##.............#.......#
#.###.......###.######.###.####
#.##...##.### #.# ### #.#
#.........# #@# #.# ####...####
#K# #.# ##.#....


555 #.# #.#.### ##g.# #.# #.#.# ...# #.##### #.#.# ...# #.#>... #.... ...(
#...### ..... ##### You could see Pikel, 3 lemures and a goblin.

Vanquished Creatures
  A lemure (D:4)
  2 scorpions (D:4)
  A bombardier beetle (D:3)
  A hound (D:4)
  An orc priest (D:4)
  An orc wizard (D:4)
  3 iguanas (D:4)
  5 adders
  2 worms
  3 dart slugs
  12 orcs
  5 bats
  9 endoplasms
  2 giant cockroaches
  7 goblins
  9 hobgoblins
  6 jackals
  3 quokkas
  7 ball pythons
  6 frilled lizards
  8 kobolds
  5 rats
99 creatures vanquished.

Notes
Turn   | Place    | Note
-------+----------+-------------------------------------------
     0 | D:1      | Rennog the Troll Monk began the quest for the Orb.
     0 | D:1      | Reached XP level 1. HP: 22/22 MP: 0/0
    51 | D:1      | Reached XP level 2. HP: 29/29 MP: 1/1
   524 | D:1      | Reached skill level 4 in Unarmed Combat
   524 | D:1      | Reached XP level 3. HP: 36/36 MP: 2/2
  1394 | D:3      | Reached XP level 4. HP: 44/44 MP: 3/3
  1620 | D:3      | Reached skill level 5 in Unarmed Combat
  1628 | D:3      | Identified the staff of the Hairy God {rF+ rCorr Fire}
  1771 | D:3      | Found a sacrificial altar of Ru.
  1817 | D:3      | Became a worshipper of Ru the Awakened
  1821 | D:3      | Gained mutation: Your casting is slightly disrupted. [Ru
                  | sacrifice]
  1929 | D:3      | Reached XP level 5. HP: 52/52 MP: 4/4
  2557 | D:4      | Reached skill level 6 in Unarmed Combat
  2664 | D:4      | Found Zylu's Jewellery Shop.
  2667 | D:4      | Reached XP level 6. HP: 61/61 MP: 5/5
  2797 | D:4      | Found a glowing silver altar of Zin.
  2797 | D:4      | Noticed an angel
  2818 | D:4      | Found a staircase to the Ecumenical Temple.
  2889 | D:4      | Reached skill level 7 in Unarmed Combat
  3035 | D:4      | Noticed Pikel
  3054 | D:4      | HP: 3/62 [Pikel/+0 whip of freezing (8)]
  3054 | D:4      | Slain by Pikel

Illustrated notes

Levels and vault maps discovered:
D:1:      spicycebolla_arrival_xxxplode, layout_basic
D:2:      layout_loops_ring
D:3:      layout_basic, nicolae_ru_sacrificial_ziggurat, minmay_checkerbox
D:4:      layout_loops_ring, zin_angel, temple_green, serial_shops,
          nicolae_square_shop, uniq_pikel

Skill      XL: |  1  2  3  4  5  6 |
---------------+-------------------+-----
Unarmed Combat | 4 5 6 7 |  7.0
Fighting       | 3 |  3.7
Dodging        | |  2.4

Action                     |  1- 3 |  4- 6 || total
---------------------------+-------+-------++-------
  Melee: Unarmed           |    72 |   130 ||   202
 Invoke: Sacrifice Essence |       |     1 ||     1
 Armour: Robe              |    36 |    59 ||    95
  Dodge: Dodged            |    23 |    58 ||    81

Table legend: (Time is in decaauts)
 A = Elapsed time spent in this place.
 B = Non-inter-level travel time spent in this place.
 C = Inter-level travel time spent in this place.
 D = Time resting spent in this place.
 E = Time spent auto-exploring this place.
 F = Levels seen in this place.
 G = Mean time per level.
                   A        B        C        D        E       F      G
               +--------+--------+--------+--------+--------+-----+--------+
         Total |   3034 |   2950 |     84 |      0 |   2483 |   4 |  758.5 |
       Dungeon |   3034 |   2950 |     84 |      0 |   2483 |   4 |  758.5 |
               +--------+--------+--------+--------+--------+-----+--------+

Top non-repeatable levels by time:
     D:3: 1115 daAuts
     D:1: 686 daAuts
     D:2: 667 daAuts
     D:4: 565 daAuts
